PCL
MILE HIGH BRONCOS @ MEXICO CITY CERVECEROS
08/03/2027
 
TOP OF THE 1ST
Mile High Broncos batting - Pitching for Mexico City Cerveceros : RHP Tony Henderson
Pitching: RHP Tony Henderson
Batting: LHB Ernesto López 0-0: Ground out 3-1 (Groundball, 34)
Batting: SHB Tom Stevens 0-0: Called Strike
0-1: Ball
1-1: Foul Ball, location: 2F
1-2: Strikes out looking
Batting: LHB Mark Everett 0-0: Ball
1-0: Called Strike
1-1: Foul Ball, location: 2F
1-2: Foul Ball, location: 2F
1-2: Strikes out looking
Top of the 1st over - 0 run(s), 0 hit(s), 0 error(s), 0 left on base; Mile High 0 - Mexico City 0
BOTTOM OF THE 1ST
Mexico City Cerveceros batting - Pitching for Mile High Broncos : RHP Denny Green
Pitching: RHP Denny Green
Batting: LHB John Nicholson 0-0: Called Strike
0-1: SINGLE (Groundball, 34D)
Batting: RHB Robert Johnson 0-0: SINGLE (Flyball, 9S)
John Nicholson to second
Runner from 2nd tries for 3rd, SAFE, no throw
Batting: RHB Arnold Harmon 0-0: Called Strike
0-1: Ball
1-1: Ball
2-1: Swinging Strike
2-2: Strikes out swinging
Batting: RHB Juan Jose Guevana 0-0: Ball
1-0: Ball
2-0: Ball
3-0: Foul Ball, location: 2F
3-1: Foul Ball, location: 2F
3-2: Foul Ball, location: 2F
3-2: Foul Ball, location: 2F
3-2: Strikes out swinging
Batting: RHB Dennis Stephenson 0-0: Ball
1-0: Fielders Choice at 2nd, 5-4 (Groundball, 5)
Bottom of the 1st over - 0 run(s), 2 hit(s), 0 error(s), 1 left on base; Mile High 0 - Mexico City 0
TOP OF THE 2ND
Mile High Broncos batting - Pitching for Mexico City Cerveceros : RHP Tony Henderson
Batting: SHB Pedro Martínez 0-0: Called Strike
0-1: Called Strike
0-2: Ball
1-2: Ball
2-2: Foul Ball, location: 2F
2-2: Ball
3-2: Foul Ball, location: 2F
3-2: Strikes out swinging, 2-3 out at first.
Batting: RHB David Moran 0-0: Called Strike
0-1: Fly out, F2 (Popup, 23)
Batting: LHB Jesús González 0-0: Called Strike
0-1: Foul Ball, location: 2F
0-2: Ball
1-2: Foul Ball, location: 2F
1-2: Strikes out swinging
Top of the 2nd over - 0 run(s), 0 hit(s), 0 error(s), 0 left on base; Mile High 0 - Mexico City 0
BOTTOM OF THE 2ND
Mexico City Cerveceros batting - Pitching for Mile High Broncos : RHP Denny Green
Batting: LHB Javier Escobedo 0-0: Ball
1-0: Ball
2-0: DOUBLE (Line Drive, 89D)
Batting: LHB Gary Kern 0-0: Called Strike
0-1: Ball
1-1: Swinging Strike
1-2: Foul Ball, location: 2F
1-2: Strikes out swinging
Batting: LHB Jesús Núñez 0-0: Called Strike
0-1: Called Strike
Javier Escobedo steals 3rd base
0-2: Ball
1-2: Ball
2-2: Ball
3-2: Ground out 3-1 (Groundball, 34S)
Javier Escobedo scores
Batting: RHB Orlando Núñes 0-0: Foul Ball, location: 2F
0-1: Ball
1-1: Foul Ball, location: 2F
1-2: Foul Ball, location: 2F
1-2: Ball
2-2: Foul Ball, location: 2F
2-2: Foul Ball, location: 2F
2-2: Foul Ball, location: 2F
2-2: Strikes out looking
Bottom of the 2nd over - 1 run(s), 1 hit(s), 0 error(s), 0 left on base; Mile High 0 - Mexico City 1
TOP OF THE 3RD
Mile High Broncos batting - Pitching for Mexico City Cerveceros : RHP Tony Henderson
Batting: RHB Rodney González 0-0: Ball
1-0: Foul Ball, location: 2F
1-1: SINGLE (Flyball, 8RS)
Batting: LHB Milton Watson 0-0: Ball
1-0: Called Strike
Rodney González steals 2nd base
1-1: Foul Ball, location: 2F
1-2: Foul Ball, location: 2F
1-2: Ball
2-2: Ball
3-2: DOUBLE (Line Drive, 7LM)
Rodney González scores
Batting: RHB Evan Robinson 0-0: Fly out, F8 (Flyball, 8LD)
Runner from 2nd tags up, SAFE at 3rd, no throw
Batting: LHB Ernesto López 0-0: Ball
1-0: Called Strike
1-1: Called Strike
1-2: Ball
2-2: Ball
3-2: Foul Ball, location: 2F
3-2: Base on Balls
Batting: SHB Tom Stevens 0-0: Ball
1-0: Ball
2-0: Foul Ball, location: 2F
2-1: Grounds into double play, 4-6-3 (Groundball, 34)
Top of the 3rd over - 1 run(s), 2 hit(s), 0 error(s), 1 left on base; Mile High 1 - Mexico City 1
BOTTOM OF THE 3RD
Mexico City Cerveceros batting - Pitching for Mile High Broncos : RHP Denny Green
Batting: LHB John Nicholson 0-0: Ball
1-0: DOUBLE (Flyball, 8LD)
Batting: RHB Robert Johnson 0-0: Ball
1-0: Called Strike
1-1: Ground out 6-3 (Groundball, 6)
John Nicholson to third
Batting: RHB Arnold Harmon 0-0: Foul Ball, location: 2F
0-1: Ball
1-1: Foul Ball, location: 2F
1-2: Strikes out swinging
Batting: RHB Juan Jose Guevana 0-0: Ball
1-0: Foul Ball, location: 2F
1-1: Swinging Strike
1-2: Strikes out looking
Bottom of the 3rd over - 0 run(s), 1 hit(s), 0 error(s), 1 left on base; Mile High 1 - Mexico City 1
TOP OF THE 4TH
Mile High Broncos batting - Pitching for Mexico City Cerveceros : RHP Tony Henderson
Batting: LHB Mark Everett 0-0: Ball
1-0: Called Strike
1-1: Ball
2-1: Ball
3-1: Called Strike
3-2: Base on Balls
Batting: SHB Pedro Martínez 0-0: Ball
1-0: Ball
2-0: Called Strike
2-1: Ball
3-1: Foul Ball, location: 2F
3-2: Strikes out swinging
Batting: RHB David Moran 0-0: Ball
1-0: Ball
2-0: Called Strike
2-1: Swinging Strike
2-2: Ball
3-2: Strikes out swinging
Batting: LHB Jesús González 0-0: Swinging Strike
0-1: Swinging Strike
0-2: Strikes out swinging
Top of the 4th over - 0 run(s), 0 hit(s), 0 error(s), 1 left on base; Mile High 1 - Mexico City 1
BOTTOM OF THE 4TH
Mexico City Cerveceros batting - Pitching for Mile High Broncos : RHP Denny Green
Batting: RHB Dennis Stephenson 0-0: Ball
1-0: Foul Ball, location: 2F
1-1: Ball
2-1: Fly out, F8 (Flyball, 8RM)
Batting: LHB Javier Escobedo 0-0: Foul Ball, location: 2F
0-1: Ground out U3 (Groundball, 34)
Batting: LHB Gary Kern 0-0: Foul Ball, location: 2F
0-1: Ball
1-1: DOUBLE (Line Drive, 9LM)
Pinch Runner at 2nd Collin Smith:
Batting: LHB Jesús Núñez 0-0: Swinging Strike
0-1: Foul Ball, location: 2F
0-2: Ball
1-2: Strikes out swinging
Bottom of the 4th over - 0 run(s), 1 hit(s), 0 error(s), 1 left on base; Mile High 1 - Mexico City 1
TOP OF THE 5TH
Mile High Broncos batting - Pitching for Mexico City Cerveceros : RHP Tony Henderson
Now in CF: Collin Smith
Batting: RHB Rodney González 0-0: Called Strike
0-1: Ball
1-1: Foul Ball, location: 2F
1-2: Strikes out swinging
Batting: LHB Milton Watson 0-0: Called Strike
0-1: Ball
1-1: Hit by Pitch
Batting: RHB Evan Robinson 0-0: Called Strike
0-1: Ball
1-1: Swinging Strike
1-2: Ball
2-2: Foul Ball, location: 2F
2-2: Strikes out swinging
Batting: LHB Ernesto López 0-0: Ball
1-0: Ball
2-0: Ball
3-0: Called Strike
3-1: Foul Ball, location: 2F
3-2: Base on Balls
Milton Watson to second
Batting: SHB Tom Stevens 0-0: Ball
1-0: Ball
2-0: Called Strike
2-1: Ball
3-1: SINGLE (Flyball, 8RS)
Milton Watson to third
Ernesto López to second
Batting: LHB Mark Everett 0-0: Called Strike
0-1: SINGLE (Groundball, 34D)
Milton Watson scores
Ernesto López to third
Tom Stevens to second
Runner from 3rd tries for Home, SAFE, no throw
Batting: SHB Pedro Martínez 0-0: Fly out, F8 (Flyball, 78S)
Top of the 5th over - 2 run(s), 2 hit(s), 0 error(s), 2 left on base; Mile High 3 - Mexico City 1
BOTTOM OF THE 5TH
Mexico City Cerveceros batting - Pitching for Mile High Broncos : RHP Denny Green
Batting: RHB Orlando Núñes 0-0: Called Strike
0-1: Foul Ball, location: 2F
0-2: Foul Ball, location: 2F
0-2: Ball
1-2: Ball
2-2: Strikes out swinging
Batting: LHB John Nicholson 0-0: Ball
1-0: Ball
2-0: Swinging Strike
2-1: Foul Ball, location: 2F
2-2: Ground out U3 (Groundball, 34)
Batting: RHB Robert Johnson 0-0: Fly out, F8 (Flyball, 8RM)
Bottom of the 5th over - 0 run(s), 0 hit(s), 0 error(s), 0 left on base; Mile High 3 - Mexico City 1
TOP OF THE 6TH
Mile High Broncos batting - Pitching for Mexico City Cerveceros : RHP Tony Henderson
Pitching: RHP Gil Dickson
Batting: RHB David Moran 0-0: Ball
1-0: Ground out 4-3 (Groundball, 34)
Batting: LHB Jesús González 0-0: Ball
1-0: Ball
2-0: Fly out, F9 (Flyball, 9)
Batting: RHB Rodney González 0-0: Swinging Strike
0-1: Called Strike
0-2: Ball
1-2: Strikes out swinging
Top of the 6th over - 0 run(s), 0 hit(s), 0 error(s), 0 left on base; Mile High 3 - Mexico City 1
BOTTOM OF THE 6TH
Mexico City Cerveceros batting - Pitching for Mile High Broncos : RHP Denny Green
Batting: RHB Arnold Harmon 0-0: SOLO HOME RUN (Flyball, 9LD), Distance : 323 ft
Batting: RHB Juan Jose Guevana 0-0: Ground out 5-3 (Groundball, 5)
Batting: RHB Dennis Stephenson 0-0: Ball
1-0: SINGLE (Groundball, 6MS) (infield hit)
Batting: LHB Javier Escobedo 0-0: Swinging Strike
0-1: Ball
1-1: Ball
2-1: Called Strike
2-2: Ball
3-2: Base on Balls
Dennis Stephenson to second
Batting: RHB Collin Smith 0-0: Foul Ball, location: 2F
0-1: Fly out, F8 (Flyball, 8RXD)
Runner from 2nd tags up, SAFE at 3rd, no throw
Batting: LHB Jesús Núñez 0-0: Ball
1-0: Ball
2-0: Called Strike
2-1: Ball
3-1: Called Strike
3-2: Foul Ball, location: 2F
3-2: Strikes out swinging
Bottom of the 6th over - 1 run(s), 2 hit(s), 0 error(s), 2 left on base; Mile High 3 - Mexico City 2
TOP OF THE 7TH
Mile High Broncos batting - Pitching for Mexico City Cerveceros : RHP Gil Dickson
Batting: LHB Milton Watson 0-0: Ball
1-0: Ball
2-0: Called Strike
2-1: Fly out, F7 (Flyball, 78S)
Batting: RHB Evan Robinson 0-0: Ball
1-0: Called Strike
1-1: Ball
2-1: Ball
3-1: Foul Ball, location: 2F
3-2: Base on Balls
Batting: LHB Ernesto López 0-0: Foul Ball, location: 2F
0-1: Foul Ball, location: 2F
0-2: Ball
1-2: SINGLE (Groundball, 34D)
Evan Robinson to second
Runner from 2nd tries for 3rd, SAFE, throw made to third
Batting: SHB Tom Stevens 0-0: Ball
1-0: Ground out U3 (Groundball, 3)
Ernesto López to second
Batting: LHB Mark Everett 0-0: Called Strike
0-1: Ball
1-1: Foul Ball, location: 2F
1-2: Ball
2-2: Foul Ball, location: 2F
2-2: Ball
3-2: Fly out, F7 (Flyball, 7S)
Top of the 7th over - 0 run(s), 1 hit(s), 0 error(s), 2 left on base; Mile High 3 - Mexico City 2
BOTTOM OF THE 7TH
Mexico City Cerveceros batting - Pitching for Mile High Broncos : RHP Denny Green
Batting: RHB Orlando Núñes 0-0: Foul Ball, location: 2F
0-1: Ball
1-1: Ball
2-1: Ball
3-1: Fly out, F9 (Flyball, 9S)
Pitching: LHP Robin Wilder
Batting: LHB John Nicholson 0-0: Foul Ball, location: 2F
0-1: Called Strike
0-2: Strikes out swinging
Batting: RHB Robert Johnson 0-0: SINGLE (Groundball, 6) (infield hit)
Batting: RHB Arnold Harmon 0-0: Ball
1-0: SINGLE (Groundball, 4MD)
Robert Johnson to second
Batting: RHB Juan Jose Guevana 0-0: Ball
1-0: Ball
2-0: Ball
3-0: Base on Balls
Robert Johnson to third
Arnold Harmon to second
Batting: RHB Dennis Stephenson 0-0: Called Strike
0-1: Ball
1-1: Foul Ball, location: 2F
1-2: Foul Ball, location: 2F
1-2: Ball
2-2: Foul Ball, location: 2F
2-2: Foul Ball, location: 2F
2-2: Fielders Choice at 2nd, 4-6 (Groundball, 4)
Bottom of the 7th over - 0 run(s), 2 hit(s), 0 error(s), 2 left on base; Mile High 3 - Mexico City 2
TOP OF THE 8TH
Mile High Broncos batting - Pitching for Mexico City Cerveceros : RHP Gil Dickson
Batting: SHB Pedro Martínez 0-0: SINGLE (Line Drive, 4M)
Pinch Hitting: LHB Tony Báez 0-0: Ball
1-0: Fly out, F7 (Line Drive, 7)
Batting: LHB Jesús González 0-0: Called Strike
0-1: Ball
1-1: Foul Ball, location: 2F
1-2: Ball
2-2: Fly out, F8 (Flyball, 8RD)
Batting: RHB Rodney González 0-0: Ball
1-0: Ball
2-0: Fielders Choice at 2nd, 6-4 (Groundball, 6)
Top of the 8th over - 0 run(s), 1 hit(s), 0 error(s), 0 left on base; Mile High 3 - Mexico City 2
BOTTOM OF THE 8TH
Mexico City Cerveceros batting - Pitching for Mile High Broncos : LHP Robin Wilder
Now at 2B: Keith Shaffer
Now at 3B: Enrique Bermúdez
Batting: LHB Javier Escobedo 0-0: Ball
1-0: Ball
2-0: Swinging Strike
2-1: Ball
3-1: Base on Balls
Pitching: RHP David Bailey
Batting: RHB Collin Smith 0-0: Sac Bunt - play at first, batter OUT! 5-4
Javier Escobedo to second
Pitching: RHP Hokusai Nakashima
Batting: LHB Jesús Núñez 0-0: Ball
1-0: Ball
2-0: Called Strike
2-1: Called Strike
2-2: SINGLE (Line Drive, 4D)
Javier Escobedo to third
Batting: RHB Orlando Núñes 0-0: SINGLE (Line Drive, 4MD)
Javier Escobedo scores
Jesús Núñez to second
Batting: LHB John Nicholson 0-0: Ball
1-0: 3-RUN HOME RUN (Flyball, 89XD), Distance : 391 ft
Pitching: LHP Jorge García
Batting: RHB Robert Johnson 0-0: Called Strike
0-1: Ball
1-1: Foul Ball, location: 2F
1-2: Foul Ball, location: 2F
1-2: Strikes out swinging
Batting: RHB Arnold Harmon 0-0: SINGLE (Line Drive, 3D)
Batting: RHB Juan Jose Guevana 0-0: Ball
1-0: Called Strike
Arnold Harmon steals 2nd base
1-1: Ground out 6-3 (Groundball, 6M)
Bottom of the 8th over - 4 run(s), 4 hit(s), 0 error(s), 1 left on base; Mile High 3 - Mexico City 6
TOP OF THE 9TH
Mile High Broncos batting - Pitching for Mexico City Cerveceros : RHP Gil Dickson
Pitching: RHP Jesús Mendoza
Batting: LHB Milton Watson 0-0: Ball
1-0: Foul Ball, location: 2F
1-1: Swinging Strike
1-2: Ball
2-2: Ball
3-2: Strikes out swinging
Batting: RHB Evan Robinson 0-0: Ball
1-0: Ball
2-0: Swinging Strike
2-1: Swinging Strike
2-2: Ball
3-2: Ground out 6-3 (Groundball, 6)
Batting: LHB Ernesto López 0-0: SOLO HOME RUN (Flyball, 9LD), Distance : 318 ft
Batting: SHB Tom Stevens 0-0: Called Strike
0-1: Called Strike
0-2: Strikes out swinging
Top of the 9th over - 1 run(s), 1 hit(s), 0 error(s), 0 left on base; Mile High 4 - Mexico City 6
Thursday, March 30th, 2017 - OOTP Baseball 17.12 Build 75